 Dungeon Crawl Stone Soup version 0.31-a0-1570-g93c622d222 (webtiles) character file.

Game seed: 16646874029012944898

22019 MisterFreud the Nimble (level 12, -13/100 HPs)
             Began as a Purple Draconian Shapeshifter on Jan 3, 2024.
             Was an Elder of Hepliaklqana.
             Killed from afar by a lindwurm (15 damage)
             ... with a blast of flame
             ... while petrified by a basilisk
             ... on level 15 of the Dungeon.
             The game lasted 00:15:44 (12082 turns).

MisterFreud the Nimble (DrSh)                      Turns: 12082, Time: 00:15:45

Health: -13/100    AC:  8    Str: 18    XL:     12   Next: 59%
Magic:  12/12      EV:  2    Int: 10    God:    Hepliaklqana [****..]
Gold:   959        SH:  0    Dex: 15    Spells: 11/11 levels left

rFire   . .          .
                       - Unarmed
rCold   . . .        (shield currently unavailable)
rNeg    + + +        (body armour unavailable)
rPois   ∞            (helmet restricted)
rElec   .            (no cloak)
rCorr   .            (no gloves)
SInv    .            (no boots)
Will    +....        p - amulet of the acrobat
Stlth   +            e - ring of flight
HPRegen 0.36/turn    (no ring)
MPRegen 0.13/turn

%: acrobat
@: flux-form, petrified, flying, glowing, studying 2 skills
A: glow, contaminating, reduced essence, breathe power, AC +8, unfitting armour,
cold-blooded
a: Breathe Dispelling Energy, Begin Untransformation, Renounce Religion, Recall
Ancestor, Ancestor Identity, Transference, Idealise


You were on level 15 of the Dungeon.
You worshipped Hepliaklqana.
Hepliaklqana was greatly pleased with you.
You were something dangerously unstable.
You visited 1 branch of the dungeon, and saw 14 of its levels.
You also visited: Bailey.

You collected 959 gold pieces.

Inventory:

Hand Weapons
 w - the +10 dagger of the Bedazzling Rat {elec, Fly Dex+4}
   (You found it on level 8 of the Dungeon)

   Dex+4:     It affects your dexterity (+4).
   Fly:       It grants you flight.
Missiles
 m - 5 curare-tipped darts
 n - 62 poisoned darts
 s - a throwing net
 v - 17 boomerangs
 D - 21 javelins
Armour
 E - the +3 cloak of Kikubaaqudgha's Envy {rF+ Int+5}
   (You acquired it in a bailey)

   Int+5:     It affects your intelligence (+5).
   rF+:       It protects you from fire.
Jewellery
 e - a ring of flight (left hand)
 p - an amulet of the acrobat (around neck)
 J - an amulet of regeneration
 L - a ring of fire
Talismans
 b - a beast talisman
 c - a flux talisman (active)
Wands
 d - a wand of paralysis (30)
 l - a wand of acid (28)
 u - a wand of polymorph (11)
 z - a wand of iceblast (6)
 B - a wand of digging (6)
 G - a wand of flame (9)
Scrolls
 k - 3 scrolls of revelation
 o - 4 scrolls of identify
 q - a scroll of enchant weapon
 r - a scroll of torment
 t - 3 scrolls of immolation
 y - a scroll of amnesia
 H - a scroll of poison
 I - a scroll of enchant armour
 M - a scroll of fog
Potions
 a - 2 potions of lignification
 f - 2 potions of ambrosia
 g - 4 potions of might
 h - 2 potions of mutation
 i - a potion of heal wounds
 j - 3 potions of enlightenment
 A - 2 potions of haste
 C - a potion of invisibility
 F - a potion of attraction


   Skills:
 - Level 12.0 Fighting
 - Level 12.0 Dodging
 - Level 10.0 Unarmed Combat
 + Level 10.6 Shapeshifting


You had 11 spell levels left.
You didn't know any spells.
Your spell library contained the following spells:

 Spells                   Type           Power      Damage    Failure   Level
 Blink                    Tloc           0%         N/A       50%         2
 Jinxbite                 Hex            0%         N/A       50%         2
 Lesser Beckoning         Tloc           0%         N/A       50%         2
 Momentum Strike          Conj/Tloc      0%         3d8       50%         2
 Searing Ray              Conj           0%         2d4       50%         2
 Dazzling Flash           Conj/Hex       0%         N/A       75%         3
 Mephitic Cloud           Conj/Alch/Air  0%         N/A       75%         3
 Passage of Golubria      Tloc           0%         N/A       98%         4
 Curse of Agony           Necr           0%         N/A       100%        5
 Silence                  Hex/Air        0%         N/A       100%        5
 Yara's Violent Unravell  Hex/Alch       0%         3d3       100%        5
 Dispersal                Tloc           0%         N/A       100%        6
 Sculpt Simulacrum        Ice/Alch       0%         N/A       100%        6
 Enfeeble                 Hex            0%         N/A       100%        7
 Orb of Destruction       Conj           0%         9d5       100%        7
 Summon Hydra             Summ           0%         N/A       100%        7


Dungeon Overview and Level Annotations

Branches:
Dungeon (13/15)            Temple (0/1) D:4            Lair (0/5) D:11
    Orc (0/2) D:11         Vaults (0/5) D:13         Bailey (visited)

Altars:
Ashenzari
Hepliaklqana
Kikubaaqudgha
Okawaru
Trog
Xom
Zin

Shops:
D:4 :   D:8 *

Portals:
Trove: D:10 (give 3 scrolls of blinking)


Innate Abilities, Weirdness & Mutations

You are something dangerously unstable.
You glow with magical radiation, making you easy to see and hit.
Foes you strike become dangerously contaminated with magical radiation.
You are immune to poison.
You are incapable of wielding weapons or throwing items.
Your life essence is reduced to manifest your ancestor. (-10% HP)
You can breathe bolts of dispelling energy.
Your rich purple scales are hard. (AC +8)
You cannot fit into any form of body armour.
You are cold-blooded and may be slowed by cold attacks.


Message History

The basilisk misses you.
The deep elf knight attacks as it pursues you!
The deep elf knight barely misses you.
A deep elf pyromancer comes into view. It is wielding a +0 long sword.
The basilisk gazes at you.
You are slowing down.
Unknown command.
Unknown command.
Unknown command.
Okay, then.
Unknown command.
As you read the scroll of teleportation, it crumbles to dust.
You feel strangely unstable.
The deep elf knight hits you with a +0 short sword!
* * * LOW HITPOINT WARNING * * *
The deep elf pyromancer hits you with a +0 long sword.
* * * LOW HITPOINT WARNING * * *
The basilisk hisses menacingly.
The basilisk gazes at you. You resist with almost no effort.
The crystal guardian glitters, brittle, in the dim dungeon light.
Your limbs are stiffening.
Your surroundings suddenly seem different.
A gargoyle and a lindwurm come into view.
The gargoyle is wielding a +0 mace of electrocution.
Found a sedimented blue potion.
The lindwurm roars!
A sixfirhy comes into view.
The sixfirhy closely misses you. The sixfirhy hits you!
* * * LOW HITPOINT WARNING * * *
The sixfirhy shocks you!
* * * LOW HITPOINT WARNING * * *
You have turned to stone.
A meliai simulacrum comes into view.
The lindwurm breathes flames at you. The blast of flame hits you!!
* * * LOW HITPOINT WARNING * * *
The lindwurm breathes flames at you. The blast of flame hits you!!
You die...

#.#.# #...#
####...#####
#
..........#
#!
...≈......
.. ..9....
..###.#k..#
......3p..#
#...#Z#.#.#
. .. +.. #
## ####


You could see a lindwurm (catching breath), a sixfirhy, a gargoyle and a meliai
simulacrum.

Vanquished Creatures
  Snorg (D:12)
  A two-headed ogre (D:12)
  Nergalle (D:12)
  An ugly thing (D:12)
  2 manticores
  A cyclops (D:12)
  A salamander (D:15)
  A gargoyle (D:12)
  3 kobold demonologists (D:11)
  2 trolls
  Prince Ribbit (D:6)
  Sigmund (D:2)
  A shadow (D:13)
  3 wyverns
  A wraith (D:7)
  16 yaks
  A steam dragon (D:6)
  2 vampire mosquitoes (D:12)
  4 water moccasins
  10 orc warriors
  2 ice beasts (D:6)
  3 black bears
  A sky beast (D:6)
  9 centaurs
  5 bullfrogs
  4 kobold brigands
  5 scorpions
  8 wights
  3 hounds (D:4)
  4 orc priests
  Jessica (D:2)
  4 iguanas
  8 orc wizards
  4 adders
  7 gnolls
  3 shadow imps
  A dart slug (D:1)
  3 ribbon worms
  50 orcs
  6 endoplasms
  3 giant cockroaches (D:2)
  6 goblins
  3 hobgoblins
  2 jackals (D:1)
  A quokka (D:2)
  6 ball pythons
  6 bats
  4 frilled lizards
  15 kobolds
  9 rats
240 creatures vanquished.

Vanquished Creatures (collateral kills)
  A dancing weapon (D:13)
  2 boulder beetles (D:13)
  A two-headed ogre (D:10)
  An occultist (D:15)
  Maurice (D:12)
  A manticore (D:13)
  A gargoyle (D:11)
  A kobold demonologist (D:10)
  A komodo dragon (D:10)
  A troll (D:9)
  2 shadows
  A wyvern (D:8)
  A water elemental (D:13)
  7 yaks
  A vampire mosquito (D:12)
  A water moccasin (D:11)
  3 acid dragons
  7 orc warriors
  A black bear (D:11)
  A centaur (Bailey)
  A bullfrog (D:11)
  2 kobold brigands
  2 gnoll sergeants
  5 wights
  A bombardier beetle (D:5)
  An orc priest (D:7)
  2 sleepcaps (D:8)
  2 orc wizards
  7 gnolls
  2 white imps
  27 orcs
  12 kobolds
  2 goblins (D:10)
102 creatures vanquished.

Vanquished Creatures (others)
  5 dream sheep (D:4)
  3 battlemagi
  An ancestor (D:7)
  An orc (Bailey)
10 creatures vanquished.

Grand Total: 352 creatures vanquished

Notes
Turn   | Place    | Note
-------+----------+-------------------------------------------
     0 | D:1      | MisterFreud the Draconian Shapeshifter began the quest for
                  | the Orb.
     0 | D:1      | Reached XP level 1. HP: 16/16 MP: 1/1
   230 | D:1      | Reached XP level 2. HP: 21/23 MP: 2/2
   307 | D:1      | Found a faded altar of an unknown god.
   693 | D:2      | Reached XP level 3. HP: 13/29 MP: 3/3
   802 | D:2      | Reached XP level 4. HP: 14/36 MP: 4/4
   996 | D:2      | Noticed Jessica
  1008 | D:2      | Killed Jessica
  1047 | D:2      | Noticed Sigmund
  1060 | D:2      | Killed Sigmund
  1061 | D:2      | Reached skill level 5 in Unarmed Combat
  1061 | D:2      | Reached XP level 5. HP: 36/45 MP: 5/5
  1166 | D:2      | Reached XP level 6. HP: 42/51 MP: 6/6
  1824 | D:3      | Found a broken altar of Ashenzari.
  2529 | D:3      | Found a glowing silver altar of Zin.
  2763 | D:4      | Found a bloodstained altar of Trog.
  2810 | D:4      | Noticed a dream sheep
  2810 | D:4      | Noticed a dream sheep
  2810 | D:4      | Noticed a dream sheep
  2810 | D:4      | Noticed a dream sheep
  2810 | D:4      | Noticed a dream sheep
  2810 | D:4      | Found a shimmering altar of Xom.
  2811 | D:4      | Killed a dream sheep
  2812 | D:4      | Killed a dream sheep
  2812 | D:4      | Killed a dream sheep
  2812 | D:4      | Killed a dream sheep
  2813 | D:4      | Killed a dream sheep
  2821 | D:4      | Found a hazy altar of Hepliaklqana.
  3094 | D:4      | Your scales start taking on a rich purple colour.
  3094 | D:4      | Reached XP level 7. HP: 42/59 MP: 7/7
  3124 | D:4      | Reached skill level 5 in Shapeshifting
  3168 | D:4      | Became a worshipper of Hepliaklqana the Forgotten
  3407 | D:4      | Found a staircase to the Ecumenical Temple.
  3440 | D:4      | Found Pitozaq's Tremendous Tomes.
  3660 | D:5      | Entered Level 5 of the Dungeon
  3693 | D:5      | Noticed a yak
  3693 | D:5      | Noticed a yak
  3694 | D:5      | Noticed a yak
  3694 | D:5      | Noticed a yak
  3712 | D:5      | Killed a yak
  3720 | D:5      | Killed a yak
  3721 | D:5      | Reached XP level 8. HP: 27/66 MP: 8/8
  4102 | D:5      | Reached skill level 5 in Dodging
  4194 | D:5      | Reached * piety under Hepliaklqana
  4644 | D:6      | Reached XP level 9. HP: 53/65 MP: 9/9
  4843 | D:6      | Reached skill level 5 in Fighting
  5233 | D:6      | Noticed Prince Ribbit
  5245 | D:6      | Killed Prince Ribbit
  5818 | D:7      | Reached ** piety under Hepliaklqana
  5819 | D:7      | Remembered your ancestor Khabaw as a battlemage
  6049 | D:7      | Found an ancient bone altar of Kikubaaqudgha.
  6056 | D:7      | Found an iron altar of Okawaru.
  6236 | D:8      | Found Rouro's Elemental Accessories.
  6441 | D:8      | Reached XP level 10. HP: 60/78 MP: 10/10
  6723 | D:8      | Identified the +10 dagger of the Bedazzling Rat {elec, Fly
                  | Dex+4}
  6915 | D:8      | Reached skill level 10 in Unarmed Combat
  7263 | D:9      | Found the +2 Maxwell's thermic engine {flame, freeze, rev}
  7846 | D:9      | Got the Catalogue of Virous Fulmination
  7949 | D:10     | Entered Level 10 of the Dungeon
  8238 | D:10     | Reached *** piety under Hepliaklqana
  8248 | D:10     | Noticed a two-headed ogre
  8255 | D:10     | Killed a two-headed ogre
  8256 | D:10     | Reached XP level 11. HP: 84/84 MP: 11/11
  8270 | D:10     | Found a flagged portal.
  8284 | Bailey   | Entered a bailey
  8457 | Bailey   | Reached skill level 10 in Dodging
  8766 | Bailey   | Acquired the +3 cloak of Kikubaaqudgha's Envy {rF+ Int+5}
  8835 | D:10     | Found a portal to a secret trove of treasure.
  8845 | D:10     | Got Utit's Lessons on Helpful Relocation
  9834 | D:11     | Found a staircase to the Lair.
  9932 | D:11     | Found a staircase to the Orcish Mines.
  9959 | D:11     | Reached **** piety under Hepliaklqana
 10487 | D:12     | Noticed a two-headed ogre
 10494 | D:12     | Killed a two-headed ogre
 10611 | D:12     | Noticed Nergalle
 10621 | D:12     | Killed Nergalle
 10622 | D:12     | Reached skill level 10 in Fighting
 10733 | D:12     | Noticed a purple ugly thing
 10736 | D:12     | Noticed Maurice
 10743 | D:12     | Killed a cyan ugly thing
 10744 | D:12     | Reached XP level 12. HP: 61/96 MP: 8/12
 10748 | D:12     | Something stole 62 poisoned darts
 10754 | D:12     | Something stole the +10 dagger of the Bedazzling Rat {elec,
                  | Fly Dex+4}
 10774 | D:12     | Killed Maurice
 10940 | D:12     | Noticed Snorg
 10953 | D:12     | Killed Snorg
 11489 | D:13     | Noticed a boulder beetle
 11495 | D:13     | Killed a boulder beetle
 11595 | D:13     | Noticed a boulder beetle
 11617 | D:13     | Killed a boulder beetle
 11745 | D:13     | Found a gate to the Vaults.
 11746 | D:13     | Noticed a vault guard
 11757 | D:13     | Reached skill level 10 in Shapeshifting
 12050 | D:13     | You are sucked into a shaft and drop 2 floors!
 12050 | D:15     | Entered Level 15 of the Dungeon
 12075 | D:15     | Noticed a crystal guardian
 12081 | D:15     | HP: 1/100 [lindwurm/blast of flame (15)]
 12082 | D:15     | Killed from afar by a lindwurm

Illustrated notes

Levels and vault maps discovered:
D:1:      lightli_molten_gateway, layout_rooms,
          shapermc_ecumenical_altar_ellora, roderic_malta_cross,
          grunt_decor_arrowhead
D:2:      layout_loops_corners, minmay_tromino_v7, uniq_jessica, uniq_sigmund
D:3:      layout_basic, mainiacjoe_overflow_small_starburst, zin_scriptorium
D:4:      layout_loops_ring, nicolae_hepliaklqana_hazy_memory,
          kb_xom_exploding_sheep, marbit_many_paths,
          minmay_temple_entry_antechambers, nicolae_shop_i_like_big_books
D:5:      layout_basic
D:6:      layout_basic, uniq_prince_ribbit1
D:7:      layout_cave_pools, minitemple, minmay_misc_feat_diagonals,
          minmay_liquid_box
D:8:      hellmonk_destroyed_diamonds, layout_rooms, minmay_misc_feat_pillars,
          nicolae_elemental_shop
D:9:      layout_rooms
D:10:     layout_irregular_city, enter_bailey_5,
          nicolae_trove_entry_free_sample, nicolae_tricolors
D:11:     layout_cave_pools, due_lair_maze_entry_diamond, david_orc_5
D:12:     layout_basic, minmay_circle_x, uniq_snorg, uniq_nergalle, uniq_maurice
D:13:     layout_basic, erik_vaults_1, hive_lemuel
D:15:     hangedman_crystal_crosses_colossus [crystal_crosses_arms_four,
          crystal_crosses_arms_four, crystal_crosses_arms_two]

Skill      XL: |  1  2  3  4  5  6  7  8  9 10 11 12 |
---------------+-------------------------------------+-----
Fighting       | 2 3 4 8 10 12 | 12.0
Unarmed Combat | 4 5 6 8 10 | 10.0
Shapeshifting  | 4 7 8 10 | 10.6
Dodging        | 2 6 9 12 | 12.0

Action                     |  1- 3 |  4- 6 |  7- 9 | 10-12 || total
---------------------------+-------+-------+-------+-------++-------
  Melee: Unarmed           |    98 |   126 |   281 |   494 ||   999
         Tailslap          |     8 |    16 |    64 |    93 ||   181
         Punch             |     3 |     1 |     3 |       ||     7
 Invoke: Ancestor Life: Ba |       |       |     1 |       ||     1
         Recall Ancestor   |       |       |       |     2 ||     2
Ability: Breathe Dispellin |       |       |     1 |       ||     1
    Use: Scroll            |     3 |     7 |     9 |     9 ||    28
         Potion            |       |       |       |     5 ||     5
   Stab: Sleeping          |       |     3 |     1 |       ||     4
         Distracted        |       |       |       |    11 ||    11
 Armour: Skin              |    64 |    77 |   123 |   223 ||   487
  Dodge: Dodged            |    60 |    61 |   230 |   598 ||   949
   Form: Flux              |       |       |     1 |       ||     1

Table legend: (Time is in decaauts)
 A = Elapsed time spent in this place.
 B = Non-inter-level travel time spent in this place.
 C = Inter-level travel time spent in this place.
 D = Time resting spent in this place.
 E = Time spent auto-exploring this place.
 F = Levels seen in this place.
 G = Mean time per level.
                   A        B        C        D        E       F      G
               +--------+--------+--------+--------+--------+-----+--------+
         Total |  11945 |  11698 |    247 |   1363 |   8255 |  15 |  796.3 |
       Dungeon |  11423 |  11176 |    247 |   1363 |   7997 |  14 |  815.9 |
        Bailey |    522 |    522 |      0 |      0 |    258 |   1 |  522.0 |
               +--------+--------+--------+--------+--------+-----+--------+

Top non-repeatable levels by time:
     D:2: 1085 daAuts
     D:3: 1068 daAuts
    D:12: 998 daAuts
     D:6: 971 daAuts
    D:10: 963 daAuts
    D:11: 892 daAuts
     D:4: 853 daAuts
     D:8: 852 daAuts
     D:9: 836 daAuts
     D:5: 821 daAuts
     D:7: 754 daAuts
    D:13: 655 daAuts
     D:1: 637 daAuts
  Bailey: 522 daAuts
    D:15: 32 daAuts
